 Dungeon Crawl Stone Soup version 0.32-a0-893-gf85d74f360 (webtiles) character file.

Game seed: 1643315076020757368

30 porpoise the Poker (level 3, -1/28 HPs)
             Began as a Demonspawn Gladiator on Apr 4, 2024.
             Slain by Terence
             ... wielding a +2 mace of protection
              (2 damage)
             ... on level 2 of the Dungeon.
             The game lasted 00:02:49 (841 turns).

porpoise the Poker (Demonspawn Gladiator)            Turns: 841, Time: 00:02:50

Health: -1/28      AC:  4    Str: 16    XL:     3   Next: 5%
Magic:  0/3        EV: 11    Int:  8    God:
Gold:   58         SH:  0    Dex: 14    Spells: 2/2 levels left

rFire   . . .        a - +0 trident
rCold   . . .        (no shield)
rNeg    . . .        b - +0 leather armour
rPois   .            k - +0 helmet
rElec   .            (no cloak)
rCorr   .            (no gloves)
SInv    .            (no boots)
Will    .....        (no amulet)
Stlth   +            (no ring)
HPRegen 0.24/turn    (no ring)
MPRegen 0.16/turn

%: guardian spirit
@: hasted, very quick
A: magic shield, magic regeneration
a: no special abilities


You were on level 2 of the Dungeon.
You visited 1 branch of the dungeon, and saw 2 of its levels.

You collected 58 gold pieces.

Inventory:

Hand Weapons
 a - a +0 trident (weapon)
Missiles
 d - 3 throwing nets (quivered)
 e - a javelin
 i - 5 poisoned darts
Armour
 b - a +0 leather armour (worn)
 k - a +0 helmet (worn)
Jewellery
 f - an amulet of faith
Scrolls
 g - 4 scrolls of identify {unknown}
 h - a scroll of poison {unknown}
 j - a scroll of enchant weapon {unknown}


   Skills:
 + Level 2.6 Fighting
 * Level 3.5 Polearms
 - Level 1.7 Throwing
 - Level 2.6 Dodging


You had 2 spell levels left.
You didn't know any spells.
Your spell library was empty.

Dungeon Overview and Level Annotations

Branches:
Dungeon (2/15)

Altars:

Annotations:
D:2 Terence


Innate Abilities, Weirdness & Mutations

When hurt, damage is shared between your health and your magic reserves.
You regenerate magic rapidly.


Message History

You closely miss Terence.
Terence is moderately wounded.
Terence closely misses you.
You barely miss Terence.
Terence is moderately wounded.
Terence hits you but does no damage.
You hit Terence but do no damage.
Terence is moderately wounded.
Terence closely misses you.
Unknown command.
You hit Terence.
Terence is moderately wounded.
Terence hits you with a +2 mace of protection.
Terence closely misses you.
You closely miss Terence.
Terence is moderately wounded.
Terence barely misses you.
You hit Terence but do no damage.
Terence is moderately wounded.
Terence hits you with a +2 mace of protection.
You hit Terence but do no damage.
Terence is moderately wounded.
Terence hits you with a +2 mace of protection.
* * * LOW HITPOINT WARNING * * *
You hit Terence but do no damage.
Terence is moderately wounded.
Terence hits you with a +2 mace of protection.
* * * LOW HITPOINT WARNING * * *
You hit Terence.
Terence is moderately wounded.
Terence hits you with a +2 mace of protection.
* * * LOW HITPOINT WARNING * * *
You hit Terence.
Terence is heavily wounded.
Terence hits you with a +2 mace of protection.
* * * LOW HITPOINT WARNING * * *
It was a potion of haste.
You feel yourself speed up.
Terence hits you with a +2 mace of protection.
You die...
Terence says, "Rest in peace."

#.............####.###
#....#
#..........>....
#.....
#...............
#.....
#.†.............
##.....
#.###...........
.......##.#
#........... #.......#
#.#.........
......#.###
#.......[... ..... #<#
####@....... ...# ###
#..@..##### .. #.#.###
# #.#.# # #.# #.# #.#
..#


You could see Terence.

Vanquished Creatures
  An adder (D:2)
  2 ball pythons (D:1)
  2 bats (D:1)
  4 endoplasms
  A goblin (D:1)
  3 jackals (D:1)
  2 quokkas
  A frilled lizard (D:1)
  A kobold (D:1)
  A rat (D:1)
18 creatures vanquished.

Notes
Turn   | Place    | Note
-------+----------+-------------------------------------------
     0 | D:1      | porpoise the Demonspawn Gladiator began the quest for the
                  | Orb.
     0 | D:1      | Reached XP level 1. HP: 16/16 MP: 1/1
   322 | D:1      | Reached skill level 3 in Polearms
   425 | D:1      | Gained mutation: You regenerate magic rapidly. [demonic
                  | ancestry]
   425 | D:1      | Reached XP level 2. HP: 7/22 MP: 2/2
   792 | D:2      | Gained mutation: When hurt, damage is shared between your
                  | health and your magic reserves. [demonic ancestry]
   792 | D:2      | Reached XP level 3. HP: 24/28 MP: 3/3
   826 | D:2      | Noticed Terence
   840 | D:2      | HP: 1/28 [Terence/+2 mace of protection (3)]
   841 | D:2      | Slain by Terence

Illustrated notes

Levels and vault maps discovered:
D:1:      nzn_arrival_crosshair, layout_basic
D:2:      layout_basic, ebering_ecumenical_altar_webs, uniq_terence

Skill      XL: |  1 |
---------------+----+-----
Polearms       | 3 |  3.5
Fighting       | |  2.6
Throwing       | |  1.7
Dodging        | |  2.6

Action                     || total
---------------------------++-------
  Melee: Trident           ||    83
    Use: Potion            ||     1
 Armour: Leather armour    ||    45
  Dodge: Dodged            ||    48

Table legend: (Time is in decaauts)
 A = Elapsed time spent in this place.
 B = Non-inter-level travel time spent in this place.
 C = Inter-level travel time spent in this place.
 D = Time resting spent in this place.
 E = Time spent auto-exploring this place.
 F = Levels seen in this place.
 G = Mean time per level.
                   A        B        C        D        E       F      G
               +--------+--------+--------+--------+--------+-----+--------+
         Total |    852 |    836 |     16 |    102 |    537 |   2 |  426.0 |
       Dungeon |    852 |    836 |     16 |    102 |    537 |   2 |  426.0 |
               +--------+--------+--------+--------+--------+-----+--------+

Top non-repeatable levels by time:
     D:1: 756 daAuts
     D:2: 96 daAuts
